Cogmind - Beta 15 @@@ ROGUE MODE // 2025.05.27 @ 21:56:44 Player: obl-vn Result: Self-destructed Performance ------------- Evolutions (2) 1000 Regions Visited (3) 600 Robots Destroyed (18) 90 Value Destroyed (472) 472 Prototype IDs (0) 0 Alien Tech Used (0) 0 Bonus (200) 200 TOTAL SCORE: 2362 Bonus ------- Pacifist 200 Cogmind --------- Core Integrity 430/550 Matter 36/300 Energy 100/100 System Corruption 0% Temperature Cool (0) Movement Core (50) Location -8/Materials Parts ------- > --- POWER (1) -------- (None) > --- PROPULSION (5) --- Light Treads Carbon-fiber Leg > --- UTILITY (3) ------ (None) > --- WEAPON (2) ------- Mini Grenade Launcher > --- INVENTORY (5) ---- Aluminum Leg Peak State ------------ > --- POWER ------------ (None) > --- PROPULSION ------- Light Treads Light Treads Aluminum Leg Aluminum Leg Carbon-fiber Leg > --- UTILITY ---------- (None) > --- WEAPON ----------- Mini Grenade Launcher > --- INVENTORY -------- (None) [Rating: 9] Favorites ----------- Power None Propulsion Light Treads Treads Light Treads Leg Aluminum Leg Utility None Weapon Mini Grenade Launcher Launcher Mini Grenade Launcher Build | -11 -10 -9 -8 ------- Run | Yrd Mat Mat Mat Slots Evolved 4 | . . 2 2 Power . | . . . . Propulsion 3 | . . 2 1 Utility 1 | . . . 1 Weapon . | . . . . Parts Attached 8 | 2 . 3 3 Power . | . . . . Engine . | . . . . Core . | . . . . Reactor . | . . . . Propulsion 7 | 2 . 2 3 Treads 4 | 2 . . 2 Leg 3 | . . 2 1 Wheel . | . . . . Hover . | . . . . Flight . | . . . . Utility . | . . . . Device . | . . . . Storage . | . . . . Processor . | . . . . Hackware . | . . . . Protection . | . . . . Artifact . | . . . . Weapon 1 | . . 1 . Energy Gun . | . . . . Energy Cannon . | . . . . Ballistic Gun . | . . . . Ballistic Cannon . | . . . . Launcher 1 | . . 1 . Special Weapon . | . . . . Impact Weapon . | . . . . Slashing Weapon . | . . . . Piercing Weapon . | . . . . Special Melee Weapon . | . . . . Unidentified Prototypes . | . . . . Parts Lost 3 | . . . 3 Power . | . . . . Propulsion 3 | . . . 3 Utility . | . . . . Weapon . | . . . . Highest Loss Streak 3 | . . . 3 To Critical Strikes . | . . . . Average Backups . | 1 2 . . Power . | . . . . Propulsion . | 1 2 . . Utility . | . . . . Weapon . | . . . . Tool/Special . | . . . . Unused Backups . | . . . . Power . | . . . . Propulsion . | . . . . Utility . | . . . . Weapon . | . . . . Tool/Special . | . . . . Average Slot Usage (%) 44 | . 28 46 46 Treads 21 | . 28 22 18 Leg 18 | . . 21 19 Launcher 4 | . . 2 9 Peak Build Rating 9 | 2 2 6 9 Average Rating 5 | . 2 4 8 On Entrance 2 | . 2 2 6 Naked Turns . | . . . . Heaviest Build 1 | . . 1 1 Greatest Support 3 | 3 3 3 3 Greatest Overweight (x) . | . . . . Average Overweight (x) . | . . . . Largest Inventory Capacity 5 | 5 5 5 5 Average Capacity 5 | 5 5 5 5 Most Carried 4 | 4 2 1 2 Average Carried . | 2 2 . . Final Capacity 5 | 5 5 5 5 Final Carried 2 | 2 2 . 1 Class Distribution -------------------- 100% | Mutant Dominant Class ---------------- Mutant | -10/Materials Mutant | -9/Materials Mutant | -8/Materials Resources | -11 -10 -9 -8 ----------- Run | Yrd Mat Mat Mat Matter Collected 230 | 220 . 8 2 Remotely . | . . . . Salvage Created 197 | . . 42 155 Parts 22 | . . 7 15 Haulers Intercepted . | . . . . Recyclers Shooed . | . . . . Parts Field Recycled . | . . . . Retrieved Matter . | . . . . Parts Self-Destructed . | . . . . Prevented . | . . . . Kills | -11 -10 -9 -8 ------- Run | Yrd Mat Mat Mat Combat Hostiles Destroyed 17 | . . 7 10 AOE 17 | . . 7 10 Classes Destroyed 4 | . . 1 3 Builder 1 | . . . 1 Swarmer 10 | . . 7 3 Grunt 6 | . . . 6 Sentry 1 | . . . 1 Best Kill Streak 6 | . . 6 5 Combat Bots Only 6 | . . 6 5 Max Kills in Single Turn 3 | . . 3 2 Gunslinging . | . . . . Exploded 3 | . . 3 2 Melee . | . . . . Uniques/NPCs Destroyed . | . . . . Combat | -11 -10 -9 -8 -------- Run | Yrd Mat Mat Mat Hostile Shots Fired 61 | . . 31 30 Missed 17 | . . 11 6 Hits 44 | . . 20 24 Projectile 44 | . . 20 24 Critical Strikes 4 | . . 1 3 Damage Taken 892 | . 9 285 598 Core 185 | . 2 63 120 Absorbed by Shields . | . . . . Core Remaining (%) 94 | 100 99 84 . Volleys Fired 23 | . . 4 19 Largest 1 | . . 1 1 Hottest 30 | . . 30 30 Shots Fired 23 | . . 4 19 Gun . | . . . . Cannon . | . . . . Launcher 23 | . . 4 19 Special . | . . . . Kinetic . | . . . . Thermal . | . . . . Explosive 23 | . . 4 19 Electromagnetic . | . . . . Robot Hit Streak 8 | . . . 8 Robot Miss Streak 3 | . . 2 3 Penetration Max . | . . . . Secondary Targets . | . . . . Shots Hit Robots 11 | . . . 11 Core Hits 32 | . . 8 24 Critical Kills . | . . . . Critical Parts Destroyed . | . . . . Critical Strikes . | . . . . Melee Attacks . | . . . . Impact . | . . . . Slashing . | . . . . Piercing . | . . . . Sneak Attacks . | . . . . Combat Hostiles . | . . . . Follow-up Attacks . | . . . . Damage Inflicted 1578 | . 18 322 1238 Guns . | . . . . Cannons . | . . . . Explosions 1541 | . . 303 1238 Melee . | . . . . Ramming 37 | . 18 19 . Kinetic . | . . . . Thermal . | . . . . Explosive 1541 | . . 303 1238 Electromagnetic . | . . . . Impact . | . . . . Slashing . | . . . . Piercing . | . . . . Highest Corruption . | . . . . Average Corruption . | . . . . Corruption Purged . | . . . . Corruption Blocked . | . . . . Overload Shots . | . . . . Overflow Damage 28 | . . 2 26 Projectiles . | . . . . Explosions 28 | . . 2 26 Melee . | . . . . Knockbacks . | . . . . Impact . | . . . . Kinetic . | . . . . Secondary . | . . . . Self-Inflicted Damage 323 | . 9 82 232 Shots 13 | . . 3 10 Rammed 5 | . 2 3 . Targets Rammed 5 | . 2 3 . Kicked . | . . . . Crushed . | . . . . Highest Temperature 26 | . . 2 26 Average Temperature 11 | . . 2 12 Received Heat Transfer 270 | . . 45 225 Siege Activations . | . . . . Martial Activations . | . . . . Shielding Activations . | . . . . Robots Disrupted . | . . . . Combat Hostiles . | . . . . Robots Corrupted . | . . . . Combat Hostiles . | . . . . Parts Fried . | . . . . Impact Corruptions . | . . . . Robots Melted . | . . . . Combat Hostiles . | . . . . Parts Melted . | . . . . Heat Transferred . | . . . . Parts Sabotaged . | . . . . Parts Stolen . | . . . . Parts Stripped . | . . . . Power Chain Reactions . | . . . . Alert | -11 -10 -9 -8 ------- Run | Yrd Mat Mat Mat Maximum Alert Level 2 | . . 1 2 Low Security (%) 65 | 100 100 65 53 Level 1 32 | . . 34 39 Level 2 2 | . . . 7 Level 3 . | . . . . Level 4 . | . . . . Level 5 . | . . . . High Security . | . . . . Max Security . | . . . . Peak Influence 405 | . . 264 405 Initial 102 | . . . 102 Average 128 | . . 86 226 Influence Increases 692 | . . 299 393 Destroy 0b10 Robot/C 340 | . . 140 200 Destroy 0b10 Robot/NC 5 | . . . 5 Destroy Leader 50 | . . 20 30 Successful Hack 6 | . . . 6 Disable Machine 60 | . . 30 30 Destroy Structure 96 | . . 34 62 Partial Spotted 15 | . . 15 . Lose Combat Pursuer 120 | . . 60 60 Influence Decreases 297 | . . 55 242 Entered New Map 142 | . . . 142 Time Decay 125 | . . 55 70 Lost Part 30 | . . . 30 Squads Dispatched 6 | . . 3 3 Investigation 1 | . . 1 . Extermination . | . . . . Reinforcement 3 | . . 2 1 Assault . | . . . . Garrison 2 | . . . 2 Intercept . | . . . . Searches Triggered . | . . . . Construction Impeded . | . . . . Haulers Reinforced . | . . . . Active Scanning Responses . | . . . . Cargo Convoy Interrupts . | . . . . Stealth | -11 -10 -9 -8 --------- Run | Yrd Mat Mat Mat Distress Signals 5 | . . 2 3 Communications Jammed . | . . . . Distress Signals . | . . . . Times Spotted 33 | . 3 16 14 Peak Tracking Total 7 | . . 6 7 Tactical Retreats 5 | . . 2 3 Traps | -11 -10 -9 -8 ------- Run | Yrd Mat Mat Mat Traps Triggered . | . . . . Indirectly . | . . . . Trap Hack Attempts . | . . . . Triggered . | . . . . Disarmed . | . . . . Reprogrammed . | . . . . Reused . | . . . . Traps Extracted . | . . . . Installed . | . . . . Triggered . | . . . . Machines | -11 -10 -9 -8 ---------- Run | Yrd Mat Mat Mat Machines Disabled 4 | . . 2 2 Max in Single Turn 1 | . . 1 1 Machines Repaired . | . . . . Machines Dismantled . | . . . . Machines Sabotaged . | . . . . Overloaded Fab Kills . | . . . . Hacking | -11 -10 -9 -8 --------- Run | Yrd Mat Mat Mat Machines Accessed 4 | . . 3 1 Terminals 4 | . . 3 1 Fabricators . | . . . . Repair Stations . | . . . . Recycling Units . | . . . . Scanalyzers . | . . . . Garrison Access . | . . . . Total Hacks 9 | . . 7 2 Successful 1 | . . . 1 Failed 8 | . . 7 1 Catastrophic 2 | . . 2 . Database Lockouts . | . . . . Manual 6 | . . 4 2 Terminals 9 | . . 7 2 Fabricators . | . . . . Repair Stations . | . . . . Recycling Units . | . . . . Scanalyzers . | . . . . Garrison Access . | . . . . Terminal Hacks 1 | . . . 1 Zone Layout 1 | . . . 1 Fabricator Hacks . | . . . . Repair Station Hacks . | . . . . Recycling Unit Hacks . | . . . . Scanalyzer . | . . . . Garrison Access Hacks . | . . . . Unauthorized Hacks . | . . . . Terminals . | . . . . Fabricators . | . . . . Repair Stations . | . . . . Recycling Units . | . . . . Scanalyzers . | . . . . Garrison Access . | . . . . Data Cores Recovered . | . . . . Used . | . . . . Hacking Detections 3 | . . 3 . Full Trace Events 3 | . . 3 . Feedback Events . | . . . . Feedback Blocked . | . . . . Robot Schematics Acquired . | . . . . Robots Built . | . . . . Authchips . | . . . . Time . | . . . . Total Robot Build Rating . | . . . . Part Schematics Acquired . | . . . . Parts Built . | . . . . Authchips . | . . . . Time . | . . . . Total Part Build Rating . | . . . . Parts Repaired . | . . . . Time . | . . . . Parts Recycled . | . . . . Recycled Matter . | . . . . Retrieved Matter . | . . . . Retrieved Components . | . . . . Parts Scanalyzed . | . . . . Part Schematics Acquired . | . . . . Parts Damaged . | . . . . Bothacking | -11 -10 -9 -8 ------------ Run | Yrd Mat Mat Mat Used RIF Installer . | . . . . Robots Hacked . | . . . . Non-combat . | . . . . Combat . | . . . . Robot Hacks Applied . | . . . . Relay Couplers Released . | . . . . Fabnet Peak Effective % . | . . . . Robots Rewired . | . . . . Allies Hacked . | . . . . Hacks Repelled . | . . . . Allies | -11 -10 -9 -8 -------- Run | Yrd Mat Mat Mat Total Allies . | . . . . Largest Group . | . . . . Highest-Rated Group . | . . . . Highest-Rated Ally . | . . . . Total Orders . | . . . . Ally Attacks . | . . . . Total Damage . | . . . . Kills . | . . . . Allies Corrupted . | . . . . Allies Melted . | . . . . Intel | -11 -10 -9 -8 ------- Run | Yrd Mat Mat Mat Active Infowar (turns) . | . . . . Robot Analysis Total . | . . . . Derelict Logs Recovered . | . . . . Drone Launches . | . . . . Drone Recoveries . | . . . . Exploration | -11 -10 -9 -8 ------------- Run | Yrd Mat Mat Mat Turns Passed 392 | 20 31 192 149 Spaces Moved 642 | 28 57 351 206 Core 642 | 28 57 351 206 Treads . | . . . . Legs . | . . . . Wheels . | . . . . Hover . | . . . . Flight . | . . . . Fastest Speed 50 | 50 50 50 50 Average Speed 50 | 50 50 50 50 Slowest Speed 50 | 50 50 50 50 Overloaded Moves . | . . . . Propulsion Burnouts . | . . . . Robots Hopped . | . . . . Potential Cave-ins . | . . . . Cave-ins Triggered . | . . . . Exploration Rate (%) 26 | 3 16 48 37 Regions Visited 3 Branch Regions . Pre-discovered Areas . | . . . . Known Exits Taken . | . . . . Unknown Exits Taken 3 | 1 1 1 . Scrap Searched . | . . . . Spaces Dug 24 | . . 24 . Terrain Destroyed 121 | . . 38 83 Melee . | . . . . Projectile . | . . . . AOE 121 | . . 38 83 Terrain Rammed . | . . . . Walls Destroyed . | . . . . Machines Disabled . | . . . . Actions | -11 -10 -9 -8 --------- Run | Yrd Mat Mat Mat Total 686 | 33 58 363 232 Wait . | . . . . Move 639 | 27 56 350 206 Hop . | . . . . Pick Up 8 | 4 . 1 3 Fast Attach . | . . . . Attach 8 | 2 . 4 2 Detach 1 | . . 1 . Swap 1 | . . . 1 Drop 1 | . . . 1 Fire 23 | . . 4 19 Melee . | . . . . Ram 5 | . 2 3 . Kick . | . . . . Crush . | . . . . Escape Stasis . | . . . . Rewire . | . . . . Trap . | . . . . Miscellaneous . | . . . . Route ------- -11/Scrapyard -10/Materials -9/Materials (discovered 2 exits: *Mat / [*Min]) -8/Materials History --------- Turn | Location | Event 15 | -11/Scrapyard | Discovered new exit (range 12) 21 | -11/Scrapyard | Entered Materials 46 | -10/Materials | Discovered new exit (range 10) 52 | -10/Materials | Entered another Materials area 52 | -9/Materials | Evolved 2 slots: Propulsion x2 64 | -9/Materials | Discovered new exit (range 14) 237 | -9/Materials | Discovered new exit (range 15) 244 | -9/Materials | Entered another Materials area 244 | -8/Materials | Evolved 2 slots: Propulsion x1, Utility x1 312 | -8/Materials | Build established: Mutant 393 | -8/Materials | Self-destructed Last Messages --------------- 00353_ Broken Lgt. Treads destroyed. 00353_ Destroyed Broken Lgt. Treads. 00353_ ALERT: Hostiles spotted, dispatching reinforcements to Terminal M008. 00354_ The unstable cave ceiling collapses. 00356_ Atomic Centrifuge disabled. 00356_ Lgt. Treads destroyed. 00357_ Y-45 Defender emerges from the garrison. 00357_ G-47 Trooper destroyed. 00357_ Destroyed Lgt. Nuclear Core. 00359_ G-47 Trooper destroyed. 00360_ Critical hit (Burn: +37). 00365_ G-47 Trooper destroyed. 00366_ Lgt. Treads destroyed. 00369_ The unstable cave ceiling collapses. 00369_ Critical hit (Burn: +37). 00371_ The unstable cave ceiling collapses. 00371_ Y-45 Defender destroyed. 00378_ R-06 Scavenger collects Aluminum Leg. 00381_ K-01 Serf collects debris. Map ----- +----------------------------------------------------+ | + ???????????????? | | """ # ???????????????? | | """ # ### #####???????????????? | | """ # # #?????????????????? | | # # * #??????"" ????????? | | ###?# # [ %* #??????"" #???????? | | ????# # ][ #?????""" #???????? | | ????# =+## ######?? ????????? | | ????## =%% +? """ #???????? | | ????# *== #? """ #???????? | | ##### ! """ #! """ #???????? | | ! "Y" # #???????? | | *! + #???????? | | # #???????? | | ########## *# /#???????? | | ?????????# """ """ #? #???????? | | ?????????# """ """ #?######???????? | | ?????????# """ """ #??????????????? | | ?????????+ ########???????? | | ?????????# # #???????? | | ????????## ! # k #???????? | | ????????# # #???????? | | ????????# !! # #???????? | | ????????# !* # #???????? | | ????????# !* # ?????????? | | ??####### ############@############ | | # ##### + # | | = """ # ## # # | | "G" ## # # | | " " # # # | | % ] # # | | # # | | / # | | """ """ # # | | ! / """ """ # # | | ### !/ """ """ # # | | ??###### # # | | + k # | | ??######/#########+#### ###### # | | ?????? ???????? ??# #????######## | | ????T ???????? ""??# #???????????? | | ??? "???????" "R"?####???????????? | | ??#] "???????" " "????????????????? | | ??# "??????"" ???????????????? | | ??# ??????? ???????????????? | | ??# ???????? ????????????????? | | ???? ? ???????? ????????????????? | | ???????????????###?##????????????????? | | | | | +----------------------------------------------------+ Best States ------------- Heat Dissipation 31 Energy Generation 5 Energy Capacity 100 Matter Stores 300 Matter Capacity 300 Sight Range 16 Terrain Scan Density 10 Evasion (%) 50 Item Schematics ----------------- None Robot Schematics ------------------ None Fabricated ------------ Nothing Repaired ---------- Nothing Alien Tech Used ----------------- None Achievements -------------- None Challenges ------------ None Game ------ Seed ResetEnergyManipulator Manual? 0 Play Time 00:08:27 Cumulative 52.7 hours Start 2025.05.27 @ 21:50:32 End 2025.05.27 @ 21:56:44 Sessions 1 Manual Loads 0 Difficulty Rogue Special Mode None Game No. 39 Rogue 39 Adventurer 0 Explorer 0 Win Type - Total 1 Types 0/0/0/1/0/0/0/0/0/0 Lore% 20 Gallery% 33 Achievement% 38 Wizard Run 0 Options --------- Layout 1 ASCII 0 Keyboard 0 Movement Mouse Keybinds 0 Fullscreen 1 Font 32/SmallcapsGlow Map View 50x35 Zoom Use 0% Tactical HUD 1 Map Filters NONE Filters NONE Steam 1 RUN: c6fa7538-d3a0-4d8a-b4c0-b34adf277df4